 Dungeon Crawl Stone Soup version 0.28.0-53-g5a82cb258f (webtiles) character file.

Game seed: 14854220102832148978

8556 DildoBatman the Geomancer (level 11, 0/79 HPs)
             Began as a Formicid Conjurer on June 1, 2022.
             Was a Believer of Kikubaaqudgha.
             Slain by a wyvern (11 damage)
             ... on level 10 of the Dungeon.
             The game lasted 00:38:25 (10748 turns).

DildoBatman the Geomancer (Formicid Conjurer)      Turns: 10748, Time: 00:38:25

Health: 0/79       AC: 10    Str: 12 (15) XL:     11   Next: 58%
Magic:  16/21      EV: 11    Int: 30 (32) God:    Kikubaaqudgha [**....]
Gold:   232        SH:  0    Dex: 12 (13) Spells: 10/24 levels left

rFire   + . .      SeeInvis +   a - +4 glaive of Quiescent Action {vorpal, rPois rCorr Str+4}
rCold   + . .      Faith    .   (no shield)
rNeg    . . .      Spirit   .   G - +2 leather armour of Enormous Fun {rF+ Int+7}
rPois   +          Reflect  .   (helmet unavailable)
rElec   .          Harm     .   M - +1 cloak
rCorr   +          Rampage  .   S - +1 pair of gloves
Will    +....                   (no boots)
Stlth   ++........              m - amulet of magic regeneration
HPRegen 0.23/turn               U - +6 ring of intelligence
MPRegen 0.57/turn               K - ring of protection from cold

@: no status effects
A: permanent stasis, dig shafts and tunnels, antennae 3, four strong arms
a: Dig, Shaft Self, Renounce Religion, Receive Corpses


You were on level 10 of the Dungeon.
You worshipped Kikubaaqudgha.
Kikubaaqudgha was pleased with you.
You visited 2 branches of the dungeon, and saw 12 of its levels.

You collected 562 gold pieces.
You spent 330 gold pieces at shops.

Inventory:

Hand Weapons
 a - the +4 glaive of Quiescent Action (weapon) {vorpal, rPois rCorr Str+4}
   (You found it on level 4 of the Dungeon)

   It inflicts extra damage upon your enemies.
   Str:       It affects your strength (+4).
   rPois:     It protects you from poison.
   rCorr:     It protects you from acid and corrosion.
 b - the +0 staff of Battle
   (You found it on level 10 of the Dungeon)

   It enhances your conjuration magic.
   It summons a battlesphere in combat, with strength depending on Conjurations
   skill.
   Its strikes trigger the battlesphere's blasts.
 d - a +0 hand axe of flaming
 V - a +1 falchion of electrocution
Missiles
 g - 4 atropa-tipped darts
 n - 103 bolts
 o - 105 arrows
 p - 3 javelins
 u - 10 boomerangs
 w - 62 sling bullets
 x - 13 poisoned darts
 F - 178 stones
 Q - a curare-tipped dart
 R - 6 boomerangs of dispersal
Armour
 G - the +2 leather armour of Enormous Fun (worn) {rF+ Int+7}
   (You took it off a wight on level 6 of the Dungeon)

   Int:       It affects your intelligence (+7).
   rF:        It protects you from fire.
 M - a +1 cloak (worn)
 N - a +0 tower shield
 S - a +1 pair of gloves (worn)
Magical Staves
 O - a staff of conjuration
Jewellery
 m - an amulet of magic regeneration (around neck)
 B - a ring of positive energy
 K - a ring of protection from cold (right hand)
 U - a +6 ring of intelligence (left hand)
Wands
 s - a wand of flame (27)
 v - a wand of acid (13)
 H - a wand of polymorph (7)
 L - a wand of paralysis (9)
Scrolls
 c - a scroll of acquirement {unknown}
 e - 3 scrolls of amnesia
 k - 3 scrolls of immolation {unknown}
 q - 2 scrolls of summoning {unknown}
 y - a scroll of noise
 A - 2 scrolls of torment {unknown}
 C - a scroll of fog {unknown}
 E - a scroll of vulnerability {unknown}
 I - a scroll of enchant weapon {unknown}
 W - 4 scrolls of identify {unknown}
Potions
 f - 3 potions of invisibility {unknown}
 h - 9 potions of heal wounds {unknown}
 i - 4 potions of attraction {unknown}
 j - 3 potions of magic {unknown}
 l - 3 potions of flight {unknown}
 r - a potion of brilliance
 t - a potion of might {unknown}
 z - a potion of haste {unknown}
 D - 2 potions of degeneration
 J - a potion of resistance {unknown}
 P - a potion of lignification {unknown}
 T - 2 potions of ambrosia {unknown}


   Skills:
 - Level 5.0 Fighting
 - Level 2.0 Polearms
 - Level 5.0 Armour
 - Level 1.7 Dodging
 - Level 2.4 Stealth
 - Level 7.0 Spellcasting
 - Level 6.0 Conjurations
 * Level 7.0 Necromancy
 * Level 5.8 Air Magic
 - Level 9.0 Earth Magic
 - Level 6.0 Poison Magic


You had 10 spell levels left.
You knew the following spells:

 Your Spells              Type           Power      Damage    Failure   Level
a - Searing Ray           Conj           92%        2d7       1%          2
b - Borgnjor's Vile Clut  Necr/Erth      27%        N/A       6%          5
c - Magic Dart            Conj           100%       1d8       1%          1
d - Vampiric Draining     Necr           51%        2d9       1%          3
e - Mephitic Cloud        Conj/Pois/Air  46%        N/A       1%          3

Your spell library contained the following spells:

 Spells                   Type           Power      Damage    Failure   Level
 Animate Skeleton         Necr           100%       N/A       1%          1
 Sandblast                Erth           100%       2d20      1%          1
 Corpse Rot               Necr/Air       98%        N/A       1%          2
 Passwall                 Tmut/Erth      30%        N/A       1%          2
 Stone Arrow              Conj/Erth      100%       3d13      1%          3
 Animate Dead             Necr           25%        N/A       3%          4
 Lee's Rapid Deconstruct  Erth           29%        3d16*     4%          5
 Dazzling Flash           Conj/Hex       56%        N/A       5%          3
 Apportation              Tloc           20%        N/A       6%          1
 Summon Small Mammal      Summ           40%        N/A       6%          1
 Ignite Poison            Fire/Tmut/Pois 22%        N/A       8%          3
 Agony                    Necr           51%        N/A       10%         5
 Fulminant Prism          Conj/Hex       14%        3d9       17%         4
 Iskenderun's Mystic Bla  Conj/Tloc      28%        2d7       17%         4
 Freezing Cloud           Conj/Ice/Air   17%        6-21      32%         5
 Death Channel            Necr           25%        N/A       45%         6
 Cause Fear               Hex            5%         N/A       52%         4
 Dragon Form              Tmut           5%         N/A       100%        7
 Dragon's Call            Summ           5%         N/A       100%        9


Dungeon Overview and Level Annotations

Branches:
Dungeon (11/15)            Temple (1/1) D:7
   Lair: D:8-11         Orc: D:9-12

Altars:
Ashenzari
Cheibriados
Dithmenos
Elyvilon
Gozag
Hepliaklqana
Kikubaaqudgha
Makhleb
Okawaru
Qazlal
Ru
Sif Muna
Trog
Uskayaw
Vehumet
Wu Jian
Xom
Yredelemnul
Zin
The Shining One

Shops:
D:1 (   D:6 =   D:10 :

Annotations:
D:8 3 runed translucent doors, Peloso's ghost, novice MiFi
D:9 Erolcha


Innate Abilities, Weirdness & Mutations

You cannot be hasted, slowed, berserked, paralysed or teleported.
You can dig through walls and to a lower floor.
You have a pair of large antennae on your head. (SInv)
Your four strong arms can wield two-handed weapons with a shield.


Message History

You kill the iguana!
Kikubaaqudgha accepts your kill.
Casting: Vampiric Draining (safe; 1% risk of failure)
Confirm with . or Enter, or press ? or * to list all spells.
You can't see any susceptible monsters within range! (Use Z to cast anyway.) Unknown command.
You see here an iguana corpse.
There is a stone staircase leading down, spattered with blood here.
You start resting.
Magic restored.
You climb downwards.
The wyvern bites you but does no damage.
The centaur shoots an arrow.
The arrow hits you!
The centaur shoots an arrow.
The arrow hits you but does no damage.
The wyvern bites you but does no damage.
There is a stone staircase leading up, spattered with blood here.
The wyvern misses you. The wyvern closely misses you. The wyvern misses you.
The wyvern barely misses you.
You climb upwards.
There is a stone staircase leading down, spattered with blood here.
The wyvern bites you.
The wyvern hisses menacingly.
The wyvern bites you!
The wyvern bites you but does no damage.
The wyvern bites you! The wyvern barely misses you.
Casting: Vampiric Draining (safe; 1% risk of failure)
Confirm with . or Enter, or press ? or * to list all spells.
Aiming: Borgnjor's Vile Clutch (dangerous; 6% risk of failure)
Press: ? - help, Shift-Dir - straight line, f - wyvern
Aim: a wyvern (100% to hit)
Zombie hands grab the wyvern. x2
The zombie hands constrict the wyvern! x2
The wyvern bites you!
You die...
Kikubaaqudgha rasps: "You have failed me!
Welcome... death!"

#.##....<#.# #...####..#
#.########.######...##....#
#.#......#.#........##.##.#
#.#.#......#.....<.).#.##..
#.#.#.##.###.....#####.##..
#.#.#.#....'.....'.........
#.#.#.#..###.....#####.###.
#.#.#.######.†.†......)....
#.#.#.#..)@ll.>............
#.#.#.#.##############.#.#.
#?#.#.#.# #.#.## #.#.#.#.#
#.#... ###'#...#.#
##########.#### #.........#
#.............. #.........#
#..........###. #........##
#..........#### #........#
#............##


You could see 2 wyverns.

Vanquished Creatures
  2 two-headed ogres (D:10)
  Pikel (D:7)
  Maurice (D:8)
  A tengu conjurer (D:10)
  2 trolls
  Prince Ribbit (D:8)
  A vampire (D:10)
  A shadow (D:10)
  16 yaks
  Menkaure (D:5)
  5 water moccasins
  A hornet zombie (D:7)
  An ice beast (D:5)
  A black bear (D:10)
  3 orc warriors
  A necrophage (D:2)
  An ogre (D:6)
  2 centaurs
  A phantom (D:5)
  2 kobold brigands
  2 lemures (D:7)
  A gnoll sergeant (D:9)
  A water moccasin zombie (D:5)
  7 wights (D:6)
  7 howler monkeys
  2 centaur zombies
  3 hounds
  3 orc priests
  A bullfrog skeleton (D:5)
  2 iguanas
  4 orc wizards
  Natasha (thrice) (D:3)
  A howler monkey zombie (D:7)
  Robin (D:3)
  7 gnolls
  4 adders
  2 shadow imps (D:8)
  2 white imps (D:6)
  4 ufetubi
  A worm (D:3)
  A dart slug (D:2)
  24 orcs
  2 bats
  9 endoplasms
  2 giant cockroaches
  19 goblins
  13 hobgoblins
  9 jackals
  A quokka (D:4)
  7 ball pythons
  4 frilled lizards
  21 kobolds
  3 rats
  3 butterflies (D:3)
221 creatures vanquished.

Vanquished Creatures (others)
  3 fungi (D:11)
  5 plants (D:11)
8 creatures vanquished.

Grand Total: 229 creatures vanquished

Notes
Turn   | Place    | Note
-------+----------+-------------------------------------------
     0 | D:1      | DildoBatman the Formicid Conjurer began the quest for the
                  | Orb.
     0 | D:1      | Reached XP level 1. HP: 13/13 MP: 3/3
   274 | D:1      | Reached XP level 2. HP: 14/19 MP: 3/5
   277 | D:1      | Learned a level 2 spell: Searing Ray
   481 | D:1      | Found Zemmelic's Weapon Boutique.
   750 | D:1      | Reached XP level 3. HP: 24/24 MP: 2/6
  1442 | D:2      | Reached XP level 4. HP: 30/30 MP: 3/7
  1506 | D:2      | Reached skill level 5 in Conjurations
  1687 | D:2      | Found a faded altar of an unknown god.
  1755 | D:3      | Noticed Natasha
  1927 | D:3      | Reached XP level 5. HP: 33/35 MP: 2/8
  2431 | D:4      | Identified the +4 glaive of Quiescent Action {vorpal, rPois
                  | rCorr Str+4}
  2648 | D:4      | Reached XP level 6. HP: 42/42 MP: 5/9
  2874 | D:5      | Entered Level 5 of the Dungeon
  2895 | D:5      | Reached skill level 1 in Fighting
  2895 | D:5      | Reached skill level 1 in Polearms
  2895 | D:5      | Reached skill level 1 in Armour
  2896 | D:5      | Noticed a water moccasin
  3028 | D:5      | Killed a water moccasin
  3029 | D:5      | Reached XP level 7. HP: 33/49 MP: 2/11
  3310 | D:5      | Noticed a water moccasin
  3323 | D:5      | Killed a water moccasin
  3440 | D:5      | Found a broken altar of Ashenzari.
  3657 | D:5      | Reached skill level 5 in Spellcasting
  3807 | D:5      | Noticed Menkaure
  3860 | D:5      | Reached XP level 8. HP: 56/56 MP: 11/16
  5293 | D:6      | Found Qapnetur's Jewellery Shoppe.
  5359 | D:6      | Reached XP level 9. HP: 60/65 MP: 13/19
  5443 | D:7      | Learned a level 5 spell: Borgnjor's Vile Clutch
  5750 | D:7      | Found an iron altar of Okawaru.
  5869 | D:7      | Learned a level 3 spell: Mephitic Cloud
  5986 | D:6      | Identified the +2 leather armour of Enormous Fun {rF+
                  | Int+7}
  6065 | D:7      | Found a staircase to the Ecumenical Temple.
  6074 | Temple   | Entered the Ecumenical Temple
  6226 | Temple   | Became a worshipper of Kikubaaqudgha
  6354 | D:6      | Reached skill level 1 in Earth Magic
  6354 | D:6      | Reached skill level 1 in Poison Magic
  6405 | D:5      | Reached skill level 1 in Necromancy
  6464 | D:5      | Killed Menkaure
  6465 | D:5      | Reached skill level 1 in Air Magic
  6642 | D:3      | Killed Natasha
  6709 | D:3      | Noticed Natasha
  6719 | D:3      | Killed Natasha
  6894 | D:3      | Noticed Natasha
  6901 | D:3      | Killed Natasha
  6902 | D:3      | Reached skill level 2 in Earth Magic
  6961 | D:3      | Noticed Robin
  6964 | D:3      | Killed Robin
  7403 | D:7      | Noticed Pikel
  7438 | D:7      | Killed Pikel
  7439 | D:7      | Reached skill level 5 in Fighting
  7439 | D:7      | Reached skill level 5 in Armour
  7439 | D:7      | Reached skill level 4 in Earth Magic
  7692 | D:8      | Noticed Maurice
  7717 | D:8      | Killed Maurice
  7718 | D:8      | Reached XP level 10. HP: 66/74 MP: 6/20
  7840 | D:8      | Reached skill level 5 in Earth Magic
  7845 | D:8      | Reached * piety under Kikubaaqudgha
  7845 | D:8      | Received a gift from Kikubaaqudgha
  7854 | D:8      | Learned a level 3 spell: Vampiric Draining
  7978 | D:8      | Reached skill level 5 in Poison Magic
  8085 | D:8      | Noticed Prince Ribbit
  8092 | D:8      | Killed Prince Ribbit
  8099 | D:8      | Reached skill level 6 in Earth Magic
  8210 | D:8      | Found a runed translucent gate.
  8210 | D:8      | Found a runed translucent gate.
  8210 | D:8      | Found a runed translucent gate.
  8215 | D:8      | Noticed Peloso's ghost (novice MiFi)
  8520 | D:9      | Reached skill level 5 in Necromancy
  8525 | D:9      | Reached skill level 7 in Earth Magic
  8802 | D:9      | Reached ** piety under Kikubaaqudgha
  8850 | D:9      | Noticed Erolcha
  8997 | D:10     | Entered Level 10 of the Dungeon
  9063 | D:10     | Reached XP level 11. HP: 79/79 MP: 17/21
  9115 | D:10     | Noticed a two-headed ogre
  9125 | D:10     | Killed a two-headed ogre
  9126 | D:10     | Reached skill level 5 in Air Magic
  9126 | D:10     | Reached skill level 8 in Earth Magic
  9261 | D:10     | Found Vieb's Book Emporium.
  9278 | D:10     | Found a shimmering blue altar of Sif Muna.
  9281 | D:10     | Found a hide-covered altar of Uskayaw.
  9459 | D:10     | Found the +0 staff of Battle
  9701 | D:11     | Noticed a manticore
  9701 | D:11     | Noticed a four-headed hydra
  9768 | D:11     | Noticed a two-headed ogre
  9878 | D:6      | Bought an amulet of magic regeneration for 330 gold pieces
 10533 | D:10     | Killed a two-headed ogre
 10711 | D:10     | Reached skill level 9 in Earth Magic
 10748 | D:10     | Slain by a wyvern

Illustrated notes

Levels and vault maps discovered:
D:1:      erik_arrival_cave_to_civilisation [erik_arrival_cave_to_hall],
          layout_basic, serial_shops, shop, minivault_26, minmay_misc_feat_roman
D:2:      layout_rooms, dreamdust_ecumenical_altar_angels_and_demons,
          minmay_curled_crystal, minmay_fractal_squares_gapless_5
D:3:      layout_loops_ring, serial_aquarium, aquarium_bridge_long_joined
          [aquarium_subvault_bridge, aquarium_subvault_window,
          aquarium_subvault_wall, aquarium_subvault_bridge,
          aquarium_subvault_balcony, aquarium_subvault_wall], aquarium_window_1,
          aquarium_window_1, aquarium_view_2d, aquarium_view_2e,
          aquarium_balcony_5b, uniq_natasha, uniq_robin
D:4:      layout_rooms
D:5:      layout_loops_ring, amcnicky_mini_rare_corridor_liquid,
          kennysheep_small_circle, uniq_menkaure
D:6:      layout_cave_pods, serial_shops, shop
D:7:      layout_basic, mainiacjoe_overflow_six_doors_small,
          minmay_temple_entry_antechambers, uniq_pikel
D:8:      layout_rooms, gammafunk_ghost_necromancy, minmay_fractal_squares_5,
          uniq_maurice, uniq_prince_ribbit1
D:9:      layout_cave_pools, minitemple, minmay_misc_feat_columns, uniq_erolcha
D:10:     layout_basic, nicolae_overflow_squiral, serial_shops, kennysheep_mini,
          hellmonk_guarded_unrand_staff_of_battle
D:11:     minmay_s_stair_smasher, layout_cross, minmay_lair_entry_grove,
          zombieorc2_lemuel, grunt_dithmenos_smoke
Temple:   regret_index_temple_sphere_string

Skill      XL: |  1  2  3  4  5  6  7  8  9 10 11 |
---------------+----------------------------------+-----
Conjurations   | 4 5 6 |  6.0
Fighting       | 1 2 4 5 |  5.0
Polearms       | 1 2 |  2.0
Armour         | 1 2 4 5 |  5.0
Spellcasting   | 3 5 7 |  7.0
Earth Magic    | 4 7 9 |  9.0
Poison Magic   | 4 6 |  6.0
Necromancy     | 3 5 7 |  7.0
Air Magic      | 2 4 5 |  5.8
Dodging        | |  1.7
Stealth        | |  2.4

Action                   |  1- 3 |  4- 6 |  7- 9 | 10-12 || total
-------------------------+-------+-------+-------+-------++-------
Melee: Unarmed           |     7 |       |       |       ||     7
       Dagger            |    14 |    10 |       |       ||    24
       Hand axe          |       |    26 |       |       ||    26
       Glaive            |       |    10 |    63 |   138 ||   211
       Punch             |       |       |     2 |     1 ||     3
 Cast: Magic Dart        |    61 |    27 |    62 |     7 ||   157
       Searing Ray       |     5 |    13 |    48 |    13 ||    79
       Mephitic Cloud    |       |       |       |    34 ||    34
       Vampiric Draining |       |       |       |    11 ||    11
       Borgnjor's Vile C |       |       |       |     7 ||     7
 Abil: Dig               |       |     1 |     7 |       ||     8
  Use: Scroll            |       |     3 |       |     3 ||     6
       Potion            |       |       |       |     1 ||     1
 Stab: Sleeping          |     1 |     2 |     1 |       ||     4
       Confused          |       |       |       |    21 ||    21
Armor: Robe              |     3 |     9 |     8 |       ||    20
       Leather armour    |       |       |    14 |    52 ||    66
Dodge: Dodged            |    25 |    32 |    51 |    79 ||   187
